 Dungeon Crawl Stone Soup version 0.20-a0-1000-g0e8f6bb (webtiles) character file.

2568 Patate the Covert (level 9, -7/39 HPs)
             Began as a Spriggan Enchanter on Apr 12, 2017.
             Mangled by Prince Ribbit (15 damage)
             ... on level 7 of the Dungeon.
             The game lasted 00:41:29 (9824 turns).

Patate the Covert (Spriggan Enchanter)              Turns: 9824, Time: 00:41:29

Health: -7/39      AC:  4    Str:  7    XL:     9   Next: 31%
Magic:  13/19      EV: 22    Int: 17    God:
Gold:   396        SH:  2    Dex: 16    Spells: 15/20 levels left

rFire    . . .     SeeInvis +   a - +1 dagger
rCold    . . .     Gourm    .   (shield restricted)
rNeg     + . .     Faith    .   b - +1 robe
rPois    .         Spirit   .   (helmet restricted)
rElec    .         Reflect  +   n - +0 cloak
rCorr    .         Harm     .   (gloves unavailable)
MR       +....                  (boots unavailable)
Stlth    +++++.....             m - +2 amulet of reflection
Regen    0.2/turn               i - ring of positive energy
MPRegen  0.2/turn               s - ring of flight

@: very quick
A: unfitting armour, see invisible, herbivore 3, speed 3, slow metabolism 2
a: Evoke Flight


You were on level 7 of the Dungeon.
You were not hungry.

You visited 1 branch of the dungeon, and saw 7 of its levels.

You collected 396 gold pieces.

Inventory:

Hand Weapons
 a - a +1 dagger (weapon)
Armour
 b - a +1 robe (worn)
 n - a +0 cloak (worn)
Jewellery
 i - a ring of positive energy (left hand)
 m - a +2 amulet of reflection (around neck)
 s - a ring of flight (right hand)
 v - an uncursed ring of wizardry {unknown}
Wands
 r - a wand of scattershot (4/9)
 y - a wand of digging (13/24)
Scrolls
 k - 4 scrolls of remove curse
 l - 2 scrolls of identify
 o - a scroll of enchant weapon {unknown}
 q - 2 scrolls of fear {unknown}
 u - a scroll of enchant armour
 w - a scroll of immolation {unknown}
Potions
 e - 3 potions of mutation
 f - a potion of degeneration
 g - 8 potions of curing
 h - a potion of magic
 j - a potion of agility
 p - a potion of lignification
 t - a potion of haste
 z - a potion of heal wounds {unknown}
 B - a potion of ambrosia {unknown}
Books
 c - a book of Maledictions

   Spells                             Type                      Level
   a - Corona                         Hexes                        1
   b - Ensorcelled Hibernation        Hexes/Ice                    2
   c - Confuse                        Hexes                        3
   d - Tukima's Dance                 Hexes                        3
   e - Dazzling Spray                 Conjuration/Hexes            3
 x - a book of Air

   Spells                             Type                      Level
   a - Shock                          Conjuration/Air              1
   b - Swiftness                      Charms/Air                   2
   c - Static Discharge               Conjuration/Air              3
   d - Airstrike                      Air                          4
   e - Lightning Bolt                 Conjuration/Air              5
Comestibles
 d - 8 bread rations
 A - 3 fruits


   Skills:
 - Level 8.2 Short Blades
 - Level 6.3 Dodging
 * Level 13.0 Stealth
 - Level 6.1 Spellcasting
 - Level 3.6 Hexes


You had 15 spell levels left.
You knew the following spells:

 Your Spells              Type           Power        Failure   Level  Hunger
b - Ensorcelled Hibernat  Hex/Ice        ##....       12%         2    None
c - Confuse               Hex            ###.....     10%         3    ##.....


Dungeon Overview and Level Annotations

Branches:
Dungeon (7/15)             Temple (0/1) D:4

Altars:
Ashenzari
Fedhas
Gozag
Trog
Uskayaw
Vehumet
Wu Jian
Yredelemnul

Shops:
D:4 *

Annotations:
D:4 super dague super chere
D:6 rlgrobin's ghost, novice FoFi
D:7 Prince Ribbit


Innate Abilities, Weirdness & Mutations

You are very small and have problems with some larger weapons.
You are too small for most types of armour.
You have supernaturally acute eyesight. (SInv)
You are a herbivore.
You cover ground extremely quickly.
You need consume almost no food.


Message History

Aiming: Ensorcelled Hibernation
Press: ? - help, Shift-Dir - straight line, f/p - Prince Ribbit
Aim: Prince Ribbit (chance to defeat MR: 26%) Prince Ribbit resists with almost no effort.
Prince Ribbit hits you! Prince Ribbit barely misses you.
You hit Prince Ribbit.
Prince Ribbit is lightly wounded.
Prince Ribbit completely misses you.
Casting: Ensorcelled Hibernation
Confirm with . or Enter, or press ? or * to list all spells.
Aiming: Ensorcelled Hibernation
Press: ? - help, Shift-Dir - straight line, f/p - Prince Ribbit
Aim: Prince Ribbit (lightly wounded, chance to defeat MR: 26%) Prince Ribbit resists with almost no effort.
Prince Ribbit hits you!
* * * LOW HITPOINT WARNING * * *
You barely miss Prince Ribbit.
Prince Ribbit is lightly wounded.
Prince Ribbit hits you!
You die...

#### #......##..#
#########.##
###.## #..... ##
#.#.## .# #######
##.#... .# #.[...#
#....## .#
#.###.######......
.####.
#@##............##
......
#F##..#######....#
.#### #.##..#
#..... .....
#.....# #.....
.### ###...##
###.## .#
###.....## #.# #
#........## .#
#### #.........#
+# ...##
#......)..#


You could see Prince Ribbit.

Vanquished Creatures
  Pikel (D:4)
  A hornet (D:7)
  Grinder (D:6)
  A spriggan (D:7)
  Menkaure (D:7)
  Duvessa (D:7)
  An orc warrior (D:7)
  A slave (D:4)
  An ogre (D:5)
  A centaur (D:5)
  2 bullfrogs
  Dowan (D:7)
  2 scorpions (D:6)
  6 howler monkeys
  2 jellies
  A gnoll shaman (D:4)
  3 orc priests
  A centaur skeleton (D:4)
  A hound (D:6)
  Crazy Yiuf (D:3)
  Natasha (twice) (D:4)
  3 worker ants
  2 orc wizards
  A hound skeleton (D:5)
  5 gnolls (D:4)
  5 adders
  A shadow imp (D:7)
  2 worms
  2 dart slugs
  5 leopard geckos
  17 orcs
  7 bats
  6 giant cockroaches
  5 goblins
  2 hobgoblins (D:2)
  8 jackals (D:3)
  4 kobolds
  4 quokkas
  A ball python (D:6)
  5 frilled lizards
  A jackal skeleton (D:5)
  A leopard gecko skeleton (D:4)
  A leopard gecko zombie (D:5)
  A quokka skeleton (D:7)
  8 rats
  A fungus (D:3)
130 creatures vanquished.

Vanquished Creatures (others)
  Sigmund (D:4)
  2 slaves (D:4)
  Blork the orc (D:4)
  2 gnolls (D:4)
  An adder skeleton (D:4)
  A leopard gecko (D:4)
8 creatures vanquished.

Grand Total: 138 creatures vanquished

Notes
Turn   | Place    | Note
-------+----------+-------------------------------------------
     0 | D:1      | Patate the Spriggan Enchanter began the quest for the Orb.
     0 | D:1      | Reached XP level 1. HP: 9/9 MP: 5/5
   188 | D:1      | Reached skill level 5 in Stealth
   451 | D:1      | Reached XP level 2. HP: 13/13 MP: 6/6
   480 | D:1      | Learned a level 2 spell: Ensorcelled Hibernation
   863 | D:2      | Reached skill level 6 in Stealth
   986 | D:2      | Reached XP level 3. HP: 16/16 MP: 5/8
  1181 | D:2      | Reached skill level 7 in Stealth
  1529 | D:2      | Learned a level 3 spell: Confuse
  1721 | D:3      | Reached XP level 4. HP: 17/21 MP: 3/9
  2535 | D:3      | Found a blossoming altar of Fedhas.
  2957 | D:3      | Found a radiant altar of Vehumet.
  3228 | D:3      | Found a runed door.
  3233 | D:3      | Noticed Crazy Yiuf
  3237 | D:3      | Killed Crazy Yiuf
  3237 | D:3      | Reached XP level 5. HP: 24/24 MP: 13/13
  3329 | D:4      | Noticed a slave
  3336 | D:4      | Noticed Pikel
  3337 | D:4      | Noticed a slave
  3337 | D:4      | Noticed a slave
  3340 | D:4      | Noticed a slave
  3357 | D:4      | Noticed Blork the orc
  3409 | D:4      | Reached skill level 5 in Spellcasting
  3411 | D:4      | Killed a slave
  3840 | D:4      | Found a staircase to the Ecumenical Temple.
  3856 | D:4      | Found an opulent altar of Gozag.
  3858 | D:4      | Found Gozag's Platinum Reserve.
  4098 | D:4      | HP: 1/24 [gnoll/flail (8)]
  4425 | D:3      | Reached XP level 6. HP: 28/28 MP: 13/16
  4594 | D:4      | Killed Pikel
  4594 | D:4      | Reached skill level 5 in Short Blades
  4594 | D:4      | Reached skill level 5 in Dodging
  4594 | D:4      | Reached XP level 7. HP: 32/32 MP: 14/17
  4604 | D:4      | Killed Blork the orc
  5065 | D:4      | Noticed Sigmund
  5168 | D:4      | Found a basalt altar of Yredelemnul.
  5360 | D:4      | Noticed Natasha
  5496 | D:4      | Killed Sigmund
  5676 | D:4      | Killed Natasha
  5774 | D:4      | Noticed Natasha
  5790 | D:4      | Killed Natasha
  5861 | D:5      | Entered Level 5 of the Dungeon
  6488 | D:5      | Reached XP level 8. HP: 36/36 MP: 11/18
  6573 | D:5      | Found an ornate altar of the Wu Jian Council.
  6964 | D:6      | Noticed rlgrobin's ghost (novice FoFi)
  7477 | D:6      | Noticed Grinder
  7495 | D:6      | Killed Grinder
  7889 | D:6      | Reached skill level 8 in Stealth
  8513 | D:7      | Reached skill level 9 in Stealth
  8619 | D:7      | Reached skill level 10 in Stealth
  8964 | D:7      | Found a bloodstained altar of Trog.
  9025 | D:7      | Noticed a hornet
  9040 | D:7      | Killed a hornet
  9040 | D:7      | Reached skill level 11 in Stealth
  9040 | D:7      | Reached XP level 9. HP: 39/39 MP: 4/19
  9163 | D:7      | Noticed Duvessa
  9164 | D:7      | Noticed Menkaure
  9167 | D:7      | Noticed Dowan
  9169 | D:7      | Killed Duvessa
  9177 | D:7      | Killed Dowan
  9177 | D:7      | Reached skill level 12 in Stealth
  9198 | D:6      | Found a shattered altar of Ashenzari.
  9456 | D:7      | Killed Menkaure
  9501 | D:7      | Reached skill level 13 in Stealth
  9523 | D:7      | Found a hide-covered altar of Uskayaw.
  9806 | D:7      | Noticed Prince Ribbit
  9824 | D:7      | Mangled by Prince Ribbit

Vault maps used:
D:1:      kilobyte_arrival_exit_the_forest
D:2:      minmay_item_behind_shaft
D:3:      fedhas_altar_4, vehumet_crystals, uniq_crazy_yiuf_cottage
D:4:      overflow_temple_1_default, temple_pool_b, minivault_11,
          nicolae_gozag_zags_fifth_avenue, uniq_blork_the_orc, uniq_pikel,
          uniq_natasha, uniq_sigmund
D:5:      lemuel_round_altar, first_bread
D:6:      lightli_temple_of_fire, ashenzari_altar_1, uniq_grinder
D:7:      eat_drink_and_be_merry_uskayaw, lemuel_round_altar, the_bakery,
          dk_rats_in_the_wall, uniq_duvessa, uniq_menkaure, uniq_prince_ribbit1

Skill      XL: |  1  2  3  4  5  6  7  8  9 |
---------------+----------------------------+-----
Stealth        | 5 6 7 11 13 | 13.0
Spellcasting   | 3 4 6 |  6.1
Short Blades   | 5 6 8 |  8.2
Dodging        | 5 6 |  6.3
Hexes          | |  3.6

Action                   |  1- 3 |  4- 6 |  7- 9 || total
-------------------------+-------+-------+-------++-------
Melee: Dagger            |   108 |   188 |   309 ||   605
 Cast: Ensorcelled Hiber |     5 |    41 |    86 ||   132
       Confuse           |       |       |    22 ||    22
  Use: Scroll            |     8 |     1 |     4 ||    13
 Stab: Sleeping          |    20 |    24 |    39 ||    83
       Confused          |       |       |    10 ||    10
  Eat: Royal jelly       |       |     1 |     1 ||     2
       Bread ration      |       |       |     1 ||     1
Armor: Robe              |    11 |    21 |    10 ||    42
Dodge: Dodged            |    89 |   148 |   221 ||   458
Block: Other             |       |       |     8 ||     8
